TOP OF THE 1ST |
Norwich Navigators batting - Pitching for Portland Sea Dogs : RHP Brian Meadows
|
Pitching: RHP Brian Meadows
|
|
Batting: SHB J.J. Sherrill
|
0-0: Ball 1-0: Hit by Pitch
|
Batting: RHB Lou Palmisano
|
0-0: Called Strike 0-1: SINGLE (Flyball, 4MD, EV 88.1 MPH) J.J. Sherrill to second
|
Batting: RHB Sean Barker
|
0-0: SINGLE (Line Drive, 6D, EV 99.4 MPH) J.J. Sherrill to third Lou Palmisano to second
|
Batting: RHB Chris Iannetta
|
0-0: Foul Ball, location: 7LMFF 0-1: Swinging Strike 0-2: Ball 1-2: SINGLE (Groundball, 34D, EV 95.0 MPH) J.J. Sherrill scores Lou Palmisano to third Sean Barker to second
|
Batting: RHB Sean Parnell
|
0-0: Foul Ball, location: 9LSF 0-1: Fielders Choice at 2nd, 3-6 (Groundball, 13, EV 84.4 MPH) Lou Palmisano scores Sean Barker to third
|
Batting: RHB Eric Gonzalez
|
0-0: Called Strike 0-1: Ball 1-1: Fly out, F8 (Flyball, 78M, EV 86.9 MPH) Runner from 3rd tags up, SCORES, throw by CF
|
Batting: RHB Brent Tarbett
|
0-0: Foul Ball, location: 5F 0-1: Called Strike 0-2: Strikes out looking
|
Top of the 1st over - 3 runs, 3 hits, 0 errors, 1 left on base; Norwich 3 - Portland 0 |
BOTTOM OF THE 1ST |
Portland Sea Dogs batting - Pitching for Norwich Navigators : RHP Juan Mateo
|
Pitching: RHP Juan Mateo
|
|
Batting: LHB Angelo Burrows
|
0-0: Ball 1-0: Foul Ball, location: 5FF 1-1: Foul Ball, location: 2F 1-2: Ball 2-2: Ground out 5-3 (Groundball, 56S, EV 77.5 MPH)
|
Batting: SHB Alberto Callaspo
|
0-0: Ground out U3 (Groundball, 3S, EV 80.6 MPH)
|
Batting: LHB Adrian Gonzalez
|
0-0: Swinging Strike 0-1: Ball 1-1: Fly out, F7 (Line Drive, 78S, EV 103.8 MPH)
|
Bottom of the 1st over - 0 runs, 0 hits, 0 errors, 0 left on base; Norwich 3 - Portland 0 |
TOP OF THE 2ND |
Norwich Navigators batting - Pitching for Portland Sea Dogs : RHP Brian Meadows
|
Batting: RHB Mike Collum
|
0-0: Ball 1-0: Called Strike 1-1: Foul Ball, location: 9LSF 1-2: Strikes out looking
|
Batting: RHB Tony Gsell
|
0-0: Ball 1-0: Ball 2-0: Ball 3-0: Base on Balls
|
Batting: SHB J.J. Sherrill
|
0-0: Ball 1-0: Ball 2-0: Called Strike 2-1: Called Strike 2-2: Strikes out swinging
|
Batting: RHB Lou Palmisano
|
0-0: Fly out, F4 (Popup, 4MS, EV 66.3 MPH)
|
Top of the 2nd over - 0 runs, 0 hits, 0 errors, 1 left on base; Norwich 3 - Portland 0 |
BOTTOM OF THE 2ND |
Portland Sea Dogs batting - Pitching for Norwich Navigators : RHP Juan Mateo
|
Batting: RHB Joe Crede
|
0-0: Ball 1-0: Ball 2-0: Ball 3-0: Called Strike 3-1: Base on Balls
|
Batting: RHB Miguel Cabrera
|
0-0: Ball Joe Crede is caught stealing 2nd base 2-4 1-0: Foul Ball, location: 9LSF 1-1: Ball 2-1: Fly out, F4 (Popup, 4, EV 55.6 MPH)
|
Batting: LHB Junior Ruiz
|
0-0: Ball 1-0: Called Strike 1-1: Ball 2-1: Ground out U3 (Groundball, 3, EV 100.6 MPH)
|
Bottom of the 2nd over - 0 runs, 0 hits, 0 errors, 0 left on base; Norwich 3 - Portland 0 |
TOP OF THE 3RD |
Norwich Navigators batting - Pitching for Portland Sea Dogs : RHP Brian Meadows
|
Batting: RHB Sean Barker
|
0-0: Ball 1-0: Ball 2-0: Foul Ball, location: 2F 2-1: SOLO HOME RUN (Flyball, 8LXD, EV 103.8 MPH), Distance : 410 ft
|
Batting: RHB Chris Iannetta
|
0-0: Ball 1-0: Ball 2-0: Called Strike 2-1: Ball 3-1: Called Strike 3-2: Ground out 4-3 (Groundball, 4, EV 106.9 MPH)
|
Batting: RHB Sean Parnell
|
0-0: Called Strike 0-1: Ball 1-1: Ball 2-1: Swinging Strike 2-2: Ground out 6-3 (Groundball, 6S, EV 90.6 MPH)
|
Batting: RHB Eric Gonzalez
|
0-0: Called Strike 0-1: Foul Ball, location: 7LMF 0-2: Strikes out swinging
|
Top of the 3rd over - 1 run, 1 hit, 0 errors, 0 left on base; Norwich 4 - Portland 0 |
BOTTOM OF THE 3RD |
Portland Sea Dogs batting - Pitching for Norwich Navigators : RHP Juan Mateo
|
Batting: RHB Alex Alvarado
|
0-0: Ball 1-0: Ball 2-0: SINGLE (Line Drive, 8LS, EV 108.1 MPH)
|
Batting: LHB Edgar Varela
|
0-0: Ball 1-0: Foul Ball, location: 25FF 1-1: Ball 2-1: Swinging Strike 2-2: Ball 3-2: SINGLE (Line Drive, 8LS, EV 86.9 MPH) Alex Alvarado to second Alex Alvarado to third
|
Batting: RHB Matt Lauderdale
|
0-0: Called Strike 0-1: Called Strike 0-2: Strikes out swinging
|
Batting: LHB Angelo Burrows
|
0-0: Ball 1-0: Ball 2-0: Foul Ball, location: 3F 2-1: Fly out, F7 (Flyball, 7, EV 88.1 MPH)
|
Batting: SHB Alberto Callaspo
|
0-0: Called Strike 0-1: Foul Ball, location: 2F 0-2: Ball 1-2: Fly out, F7 (Flyball, 7S, EV 91.3 MPH)
|
Bottom of the 3rd over - 0 runs, 2 hits, 0 errors, 2 left on base; Norwich 4 - Portland 0 |
TOP OF THE 4TH |
Norwich Navigators batting - Pitching for Portland Sea Dogs : RHP Brian Meadows
|
Batting: RHB Brent Tarbett
|
0-0: Ball 1-0: Foul Ball, location: 23F 1-1: Called Strike 1-2: Fly out, F8 (Flyball, 8RXD, EV 90.0 MPH)
|
Batting: RHB Mike Collum
|
0-0: Ball 1-0: Ball 2-0: Ground out 5-3 (Groundball, 15, EV 90.6 MPH)
|
Batting: RHB Tony Gsell
|
0-0: Ball 1-0: Foul Ball, location: 23FF 1-1: Ball 2-1: Foul Ball, location: 2F 2-2: Strikes out looking
|
Top of the 4th over - 0 runs, 0 hits, 0 errors, 0 left on base; Norwich 4 - Portland 0 |
BOTTOM OF THE 4TH |
Portland Sea Dogs batting - Pitching for Norwich Navigators : RHP Juan Mateo
|
Batting: LHB Adrian Gonzalez
|
0-0: SINGLE (Line Drive, 6D, EV 100.0 MPH)
|
Batting: RHB Joe Crede
|
0-0: Called Strike 0-1: Foul Ball, location: 9LDF 0-2: Ball 1-2: Fly out, F4 (Popup, 4D, EV 58.8 MPH)
|
Batting: RHB Miguel Cabrera
|
0-0: Ball 1-0: Foul Ball, location: 2F 1-1: SINGLE (Flyball, 3D, EV 92.5 MPH) Adrian Gonzalez to second
|
Batting: LHB Junior Ruiz
|
0-0: SINGLE (Line Drive, 5D, EV 99.4 MPH) Adrian Gonzalez to third Miguel Cabrera to second
|
Batting: RHB Alex Alvarado
|
0-0: Ball 1-0: GRAND SLAM HOME RUN (Flyball, 7D, EV 96.3 MPH), Distance : 372 ft
|
Batting: LHB Edgar Varela
|
0-0: Ball 1-0: Ball 2-0: Called Strike 2-1: Swinging Strike 2-2: Ground out 6-3 (Groundball, 6, EV 78.8 MPH)
|
Batting: RHB Matt Lauderdale
|
0-0: Ball 1-0: SINGLE (Groundball, 4MD, EV 107.5 MPH)
|
Batting: LHB Angelo Burrows
|
0-0: Called Strike 0-1: Swinging Strike 0-2: Ball 1-2: Ball 2-2: Ball 3-2: Foul Ball, location: 7LMF 3-2: Strikes out swinging
|
Bottom of the 4th over - 4 runs, 5 hits, 0 errors, 1 left on base; Norwich 4 - Portland 4 |
TOP OF THE 5TH |
Norwich Navigators batting - Pitching for Portland Sea Dogs : RHP Brian Meadows
|
Batting: SHB J.J. Sherrill
|
0-0: Foul Ball, location: 3FF 0-1: Ground out 4-3 (Groundball, 4, EV 89.4 MPH)
|
Batting: RHB Lou Palmisano
|
0-0: Called Strike 0-1: Ball 1-1: Foul Ball, location: 9LSF 1-2: Ground out 4-3 (Groundball, 4M, EV 83.1 MPH)
|
Batting: RHB Sean Barker
|
0-0: Ball 1-0: Ball 2-0: Ball 3-0: Called Strike 3-1: SINGLE (Groundball, 6, EV 103.1 MPH) (infield hit)
|
Batting: RHB Chris Iannetta
|
0-0: Foul Ball, location: 9LSF 0-1: Ball 1-1: Ball 2-1: Fly out, F3 (Popup, 3SF, EV 80.0 MPH)
|
Top of the 5th over - 0 runs, 1 hit, 0 errors, 1 left on base; Norwich 4 - Portland 4 |
BOTTOM OF THE 5TH |
Portland Sea Dogs batting - Pitching for Norwich Navigators : RHP Juan Mateo
|
Batting: SHB Alberto Callaspo
|
0-0: Ground out 4-3 (Groundball, 4M, EV 101.9 MPH)
|
Batting: LHB Adrian Gonzalez
|
0-0: Ball 1-0: Called Strike 1-1: Ball 2-1: Called Strike 2-2: Foul Ball, location: 23FF 2-2: SOLO HOME RUN (Flyball, 89XD, EV 96.9 MPH), Distance : 394 ft
|
Pitching: RHP Jason Von Haefen
|
|
Batting: RHB Joe Crede
|
0-0: Called Strike 0-1: Ball 1-1: Fly out, F7 (Flyball, 7D, EV 106.9 MPH)
|
Batting: RHB Miguel Cabrera
|
0-0: Ball 1-0: Ball 2-0: Ground out 5-3 (Groundball, 56, EV 101.3 MPH)
|
Bottom of the 5th over - 1 run, 1 hit, 0 errors, 0 left on base; Norwich 4 - Portland 5 |
TOP OF THE 6TH |
Norwich Navigators batting - Pitching for Portland Sea Dogs : RHP Brian Meadows
|
Batting: RHB Sean Parnell
|
0-0: Called Strike 0-1: Called Strike 0-2: Strikes out swinging
|
Batting: RHB Eric Gonzalez
|
0-0: Called Strike 0-1: Called Strike 0-2: Foul Ball, location: 2F 0-2: Ball 1-2: Ball 2-2: Strikes out looking
|
Batting: RHB Brent Tarbett
|
0-0: Ball 1-0: Fly out, F4 (Popup, 4M, EV 62.5 MPH)
|
Top of the 6th over - 0 runs, 0 hits, 0 errors, 0 left on base; Norwich 4 - Portland 5 |
BOTTOM OF THE 6TH |
Portland Sea Dogs batting - Pitching for Norwich Navigators : RHP Jason Von Haefen
|
Batting: LHB Junior Ruiz
|
0-0: Ball 1-0: Ball 2-0: Called Strike 2-1: Ball 3-1: Base on Balls
|
Batting: RHB Alex Alvarado
|
0-0: Called Strike 0-1: Foul Ball, location: 25F 0-2: Ball 1-2: Ball 2-2: Ball 3-2: Fly out, F7 (Flyball, 7LS, EV 89.4 MPH)
|
Batting: LHB Edgar Varela
|
0-0: Ball 1-0: Ball 2-0: Ball 3-0: Called Strike 3-1: Foul Ball, location: 2F 3-2: SINGLE (Groundball, 34D, EV 108.1 MPH) Junior Ruiz to second Runner from 2nd tries for 3rd, SAFE, throw by RF made to third Edgar Varela to second
|
Batting: RHB Matt Lauderdale
|
0-0: Fly out, F7 (Line Drive, 7D, EV 86.9 MPH) Runner from 3rd tags up, SCORES, no throw by LF
|
Batting: LHB Angelo Burrows
|
0-0: Ball 1-0: Ball 2-0: Fly out, F8 (Line Drive, 8RM, EV 92.5 MPH)
|
Bottom of the 6th over - 1 run, 1 hit, 0 errors, 1 left on base; Norwich 4 - Portland 6 |
TOP OF THE 7TH |
Norwich Navigators batting - Pitching for Portland Sea Dogs : RHP Brian Meadows
|
Batting: RHB Mike Collum
|
0-0: Ball 1-0: Swinging Strike 1-1: Ball 2-1: Swinging Strike 2-2: Ball 3-2: Foul Ball, location: 9LDF 3-2: Strikes out looking
|
Pinch Hitting: LHB Nelson Correa
|
0-0: SINGLE (Groundball, 15S, EV 74.4 MPH) (infield hit)
|
Batting: SHB J.J. Sherrill
|
0-0: Swinging Strike 0-1: SINGLE (Line Drive, 4D, EV 103.1 MPH) Nelson Correa to second Runner from 2nd tries for 3rd, SAFE, throw by CF made to third
|
Batting: RHB Lou Palmisano
|
0-0: Ball 1-0: Ball 2-0: Foul Ball, location: 9LSF 2-1: Called Strike J.J. Sherrill steals 2nd base 2-2: Foul Ball, location: 9LMFF 2-2: Fly out, F9 (Flyball, 9, EV 94.4 MPH)
|
Pitching: RHP Ben Diggins
|
|
Batting: RHB Sean Barker
|
0-0: Ball 1-0: Called Strike 1-1: Ball 2-1: Swinging Strike 2-2: Strikes out looking
|
Top of the 7th over - 0 runs, 2 hits, 0 errors, 2 left on base; Norwich 4 - Portland 6 |
BOTTOM OF THE 7TH |
Portland Sea Dogs batting - Pitching for Norwich Navigators : RHP Jason Von Haefen
|
Now at SS: Tim Hummel
|
|
Batting: SHB Alberto Callaspo
|
0-0: Ball 1-0: Ground out 4-3 (Groundball, 4, EV 77.5 MPH)
|
Batting: LHB Adrian Gonzalez
|
0-0: Ball 1-0: Fly out, F4 (Line Drive, 34, EV 71.3 MPH)
|
Batting: RHB Joe Crede
|
0-0: Reached on error, E6 (Groundball, 6M, EV 85.0 MPH)
|
Batting: RHB Miguel Cabrera
|
0-0: Ball 1-0: Called Strike 1-1: Called Strike 1-2: Ground out 6-3 (Groundball, 6S, EV 63.1 MPH)
|
Bottom of the 7th over - 0 runs, 0 hits, 1 error, 1 left on base; Norwich 4 - Portland 6 |
TOP OF THE 8TH |
Norwich Navigators batting - Pitching for Portland Sea Dogs : RHP Ben Diggins
|
Batting: RHB Chris Iannetta
|
0-0: SINGLE (Line Drive, 9S, EV 93.1 MPH)
|
Batting: RHB Sean Parnell
|
0-0: Called Strike 0-1: Foul Ball, location: 3SF 0-2: Grounds into double play, 6-4-3 (Groundball, 6, EV 103.1 MPH)
|
Pinch Hitting: LHB Eric Crozier
|
0-0: Ball 1-0: Ball 2-0: Foul Ball, location: 9LMF 2-1: Foul Ball, location: 2F 2-2: Foul Ball, location: 5F 2-2: Ball 3-2: Ground out 1-3 (Groundball, 13, EV 75.0 MPH)
|
Top of the 8th over - 0 runs, 1 hit, 0 errors, 0 left on base; Norwich 4 - Portland 6 |
BOTTOM OF THE 8TH |
Portland Sea Dogs batting - Pitching for Norwich Navigators : RHP Jason Von Haefen
|
Pitching: RHP Kris Gross
|
|
Now at 3B: Kevin Perkins
|
|
Batting: LHB Junior Ruiz
|
0-0: Ground out 1-3 (Groundball, 15S, EV 61.9 MPH)
|
Batting: RHB Alex Alvarado
|
0-0: Ball 1-0: Ball 2-0: Called Strike 2-1: Foul Ball, location: 2F 2-2: Ball 3-2: Foul Ball, location: 2F 3-2: SINGLE (Groundball, 6MD, EV 109.4 MPH)
|
Batting: LHB Edgar Varela
|
0-0: Ball 1-0: Called Strike 1-1: Fly out, F6 (Popup, 6, EV 55.6 MPH)
|
Batting: RHB Matt Lauderdale
|
0-0: Ball 1-0: Foul Ball, location: 3F 1-1: Ground out 6-3 (Groundball, P, EV 90.0 MPH)
|
Bottom of the 8th over - 0 runs, 1 hit, 0 errors, 1 left on base; Norwich 4 - Portland 6 |
TOP OF THE 9TH |
Norwich Navigators batting - Pitching for Portland Sea Dogs : RHP Ben Diggins
|
Pitching: RHP Antonio Osuna
|
|
Now at 3B: Hector Nunez
|
|
Batting: RHB Brent Tarbett
|
0-0: Foul Ball, location: 9LDF 0-1: Ball 1-1: Swinging Strike 1-2: Fly out, F9 (Flyball, 9, EV 86.9 MPH)
|
Batting: RHB Mike Collum
|
0-0: Swinging Strike 0-1: Swinging Strike 0-2: Ball 1-2: DOUBLE (Flyball, 78D, EV 99.4 MPH)
|
Batting: RHB Tim Hummel
|
0-0: Foul Ball, location: 7LMFF 0-1: Swinging Strike 0-2: Ball 1-2: Ball 2-2: Foul Ball, location: 2F 2-2: Fly out, F9 (Flyball, 89S, EV 88.8 MPH)
|
Batting: SHB J.J. Sherrill
|
0-0: Ball 1-0: Foul Ball, location: 3F 1-1: Foul Ball, location: 3F 1-2: Strikes out swinging
|
Top of the 9th over - 0 runs, 1 hit, 0 errors, 1 left on base; Norwich 4 - Portland 6 |
|